Map: Port Aleksander LE

Players

Neeb - Winner!

  • Race: Protoss Protoss
  • League: Master
  • Spawn Location: 11:00

puCK (Nina)

  • Race: Protoss Protoss
  • League: Grandmaster
  • Spawn Location: 5:00

Event: 2019 WCS Winter Americas

VOD

Have the link to the VOD?

Description

Time

  • Played on: March 24, 2019, 3:07 p.m.
  • Length: 36:42

All games in this series

Show
View Real Time Build Order
Export as new Build Order

Neeb Protoss - Winner!

Build Orders:  

Get SALT Encoding   

  12  0:00  Probe  
  13  0:12  Probe  
  14  0:17  Pylon  
  14  0:24  Probe  
  15  0:32  Probe  
  15  0:38  Gateway  
  15  0:40  Probe  
  16  0:46  Assimilator  
  17  0:51  Probe  
  17  0:56  Assimilator  
  18  0:59  Probe  
  19  1:08  Probe  
  19  1:09  Gateway  
  20  1:18  Probe  
  21  1:26  Cybernetics Core  
  21  1:30  Probe  
  22  1:39  Pylon  
  22  1:42  Probe  
  23  1:54  Warp Gate  
  23  1:57  Probe  
  24  2:03  Stalker x2  
  28  2:15  Pylon  
  28  2:21  Pylon  
  29  2:33  Sentry  
  29  2:34  Sentry  
  32  2:46  Nexus  
  32  2:50  Probe  
  33  2:57  Pylon  
  33  3:02  Probe  
  34  3:07  Shield Battery  
  34  3:15  Probe  
  34  3:18  Forge  
  36  3:27  Probe  
  36  3:39  Probe  
  37  3:42  Adept x2  
  41  3:49  Robotics Facility  
  41  4:00  Shield Battery  
  41  4:01  Shield Battery  
  39  4:05  Sentry x2  
  43  4:10  Shield Battery  
  43  4:13  Shield Battery  
  43  4:15  Shield Battery  
  43  4:26  Shield Battery  
  43  4:28  Stalker, Sentry  
  43  4:30  Immortal  
  51  4:51  Stalker  
  53  5:02  Pylon  
  53  5:03  Pylon  
  47  5:15  Stalker x2  
  47  5:20  Warp Prism  
  44  5:27  Probe x2  
  48  5:39  Sentry x2  
  48  5:40  Probe  
  48  5:42  Probe  
  56  6:01  Pylon  
  56  6:04  Stalker x2  
  58  6:28  Stalker  
  58  6:29  Stalker  
  62  6:38  Warp Prism  
  60  6:40  Probe x2  
  60  6:42  Robotics Bay  
  60  6:44  Gateway  
  60  6:47  Gateway  
  60  6:52  Protoss Ground Weapons Level 1, Probe  
  63  6:54  Probe  
  64  7:04  Probe  
  65  7:08  Gateway  
  65  7:10  Gateway  
  65  7:19  Colossus  
  66  7:28  Pylon  
  71  7:40  Pylon  
  71  7:42  Adept x2  
  75  7:49  Pylon  
  77  8:00  Adept x2  
  79  8:08  Observer  
  79  8:10  Assimilator  
  79  8:12  Assimilator, Photon Cannon  
  79  8:16  Adept x2, Pylon  
  84  8:22  Adept  
  76  8:39  Adept x4  
Show
View Real Time Build Order
Export as new Build Order

puCK Protoss 

Build Orders: Phoenix Opening 

Get SALT Encoding   

  12  0:00  Probe  
  13  0:12  Probe  
  14  0:18  Pylon  
  14  0:26  Probe  
  15  0:35  Probe  
  15  0:36  Gateway  
  16  0:44  Probe  
  16  0:46  Assimilator  
  17  0:54  Assimilator  
  17  0:56  Probe  
  18  1:04  Probe  
  19  1:12  Probe  
  19  1:14  Gateway  
  20  1:23  Probe  
  21  1:29  Cybernetics Core  
  21  1:35  Probe  
  22  1:45  Pylon  
  22  1:47  Probe  
  23  2:03  Probe  
  23  2:06  Stalker, Sentry  
  23  2:07  Warp Gate  
  28  2:15  Probe, Pylon  
  29  2:34  Stalker  
  29  2:36  Stalker  
  32  2:41  Robotics Facility  
  32  2:47  Phoenix  
  32  2:51  Gateway  
  32  2:55  Probe  
  33  3:09  Stalker  
  33  3:10  Stalker  
  37  3:22  Warp Prism  
  37  3:24  Pylon  
  39  3:41  Pylon  
  39  3:56  Stalker x2  
  43  4:04  Stalker  
  45  4:12  Pylon  
  45  4:22  Stalker x2  
  49  4:28  Stalker  
  51  4:50  Stalker x2  
  51  4:52  Sentry  
  53  5:15  Stalker  
  39  5:31  Sentry x2  
  39  5:33  Probe  
  43  5:42  Immortal  
  47  5:45  Zealot  
  47  5:54  Probe  
  48  5:58  Stalker  
  48  6:03  Adept x2  
  54  6:06  Probe  
  53  6:15  Immortal  
  45  6:20  Probe  
  45  6:25  Gateway  
  44  6:45  Sentry, Nexus  
  46  6:53  Nexus  
  46  6:55  Pylon  
  46  7:07  Pylon  
  46  7:08  Warp Prism  
  45  7:14  Sentry  
  49  7:18  Sentry  
  51  7:26  Sentry  
  53  7:32  Probe  
  54  7:41  Adept x2  
  58  7:44  Probe  
  59  8:00  Probe  
  59  8:01  Sentry  
  62  8:11  Stalker  
  62  8:12  Stalker, Probe x2  
  68  8:13  Zealot  
  68  8:24  Probe x2  
  68  8:36  Probe  
Tags
 
Add a new tag
Caveats
  • Supply blocks, unpowered buildings, or Contaminate may cause inaccurate times.
  • Supply counts are checked every 10 seconds.